 Dungeon Crawl Stone Soup version 0.32-a0-779-g362cfcae2a (webtiles) character file.

Game seed: 10141498167900398898

130606 tilp the Unseen (level 16, -12/129 HPs)
             Began as a Vampire Enchanter on Mar 19, 2024.
             Was the Champion of Wu Jian.
             Mangled by a faun
             ... wielding a +0 spear
             ... led by a satyr
              (19 damage)
             ... on level 3 of the Shoals.
             The game lasted 01:13:01 (33529 turns).

tilp the Unseen (Vampire Enchanter)                Turns: 33529, Time: 01:13:01

Health: -12/129    AC: 16    Str:  7    XL:     16   Next: 53%
Magic:  28/38      EV: 20    Int: 25    God:    Wu Jian [******]
Gold:   3071       SH:  5    Dex: 15    Spells: 20/33 levels left

rFire   . . .        a - +9 dagger (flame)
rCold   . . .        l - +0 buckler of Supple Strength {MP+9}
rNeg    . . .        c - +0 steam dragon scales
rPois   .            i - +2 helmet
rElec   .            r - +2 cloak {Stlth+}
rCorr   .            R - +2 pair of gloves
SInv    +            (no boots)
Will    .....        T - amulet of regeneration
Stlth   +++          p - +5 ring of evasion
HPRegen 1.41/turn    W - ring of flight
MPRegen 0.26/turn

%: no passive effects
@: lit by a corona, weak-willed, afraid, flying, mesmerised, healing quickly,
glowing
A: alive, fangs 3, see invisible, vampiric 2
a: Exsanguinate, Renounce Religion, Wall Jump, Serpent's Lash, Heavenly Storm


You were on level 3 of the Shoals.
You worshipped Wu Jian.
Wu Jian was exalted by your worship.
You visited 4 branches of the dungeon, and saw 25 of its levels.
You also visited: Bailey, Gauntlet and Volcano.

You collected 3830 gold pieces.
You spent 759 gold pieces at shops.

Inventory:

Hand Weapons
 a - a +9 dagger of flaming (weapon)
 s - a +4 dagger
Missiles
 e - 47 poisoned darts (quivered)
 f - 2 javelins
 q - 32 boomerangs
 H - 5 silver javelins
 J - a curare-tipped dart
 S - 5 throwing nets
Armour
 c - +0 steam dragon scales (worn)
 i - a +2 helmet (worn)
 l - the +0 buckler of Supple Strength (worn) {MP+9}
   (You acquired it on level 3 of the Lair of Beasts)

   MP+9:      It affects your magic capacity (+9).
 r - a +2 cloak of stealth (worn)
 t - a +0 cloak of willpower
 R - a +2 pair of gloves (worn)
Jewellery
 b - a ring of protection from fire
 p - a +5 ring of evasion (left hand)
 G - a +4 ring of protection
 N - a ring of willpower
 P - a ring of protection from cold
 T - an amulet of regeneration (around neck)
 W - a ring of flight (right hand)
Wands
 k - a wand of polymorph (7)
 v - a wand of warping (31)
 x - a wand of light (30)
 A - a wand of mindburst (13)
 B - a wand of flame (34)
 F - a wand of charming (13)
 O - a wand of digging (3)
Scrolls
 m - 2 scrolls of revelation
 w - 8 scrolls of teleportation
 y - 2 scrolls of fear
 K - a scroll of enchant armour
 U - a scroll of fog
 V - a scroll of summoning
 X - 2 scrolls of silence
 Y - a scroll of torment
 Z - 4 scrolls of blinking
Potions
 d - 4 potions of mutation
 g - 7 potions of enlightenment
 h - 8 potions of curing
 j - 5 potions of lignification
 o - 5 potions of cancellation
 u - 3 potions of attraction
 z - 3 potions of haste
 C - 4 potions of heal wounds
 D - 2 potions of ambrosia
 E - 2 potions of resistance
 L - 2 potions of invisibility
Miscellaneous
 n - a sack of spiders
 I - a phial of floods
 M - a phantom mirror (inert)
 Q - a lightning rod (4/4)


   Skills:
 * Level 12.4 Fighting
 - Level 3.0(10.2) Short Blades
 - Level 13.8(14.0) Long Blades
 + Level 6.9 Armour
 * Level 9.0 Dodging
 + Level 15.5 Stealth
 + Level 4.6 Shields
 + Level 9.3 Spellcasting
 + Level 15.3 Hexes
 + Level 4.5 Translocations
 * Level 8.7 Evocations


You had 20 spell levels left.
You knew the following spells:

 Your Spells              Type           Power      Damage    Failure   Level
a - Ensorcelled Hibernat  Hex/Ice        100%       N/A       1%          2
b - Confusing Touch       Hex            73%        N/A       1%          3
c - Tukima's Dance        Hex            73%        N/A       1%          3
d - Dazzling Flash        Conj/Hex       100%       N/A       1%          3
e - Blink                 Tloc           68%        N/A       1%          2

Your spell library contained the following spells:

 Spells                   Type           Power      Damage    Failure   Level
 Apportation              Tloc           68%        N/A       1%          1
 Lesser Beckoning         Tloc           68%        N/A       1%          2
 Gell's Gravitas          Tloc           34%        N/A       3%          3
 Teleport Other           Tloc           34%        N/A       3%          3
 Momentum Strike          Conj/Tloc      46%        3d9       4%          2
 Freeze                   Ice            44%        1d6       9%          1
 Necrotise                Necr           44%        1d6       9%          1
 Sandblast                Erth           22%        2d7       9%          1
 Sting                    Conj/Alch      44%        1d5       9%          1
 Summon Small Mammal      Summ           44%        N/A       9%          1
 Metabolic Englaciation   Hex/Ice        25%        N/A       10%         5
 Call Canine Familiar     Summ           11%        N/A       24%         3
 Frozen Ramparts          Ice            22%        1d4       24%         3
 Hailstorm                Conj/Ice       11%        3d6       24%         3
 Passwall                 Erth           11%        N/A       24%         3
 Stone Arrow              Conj/Erth      22%        3d8       24%         3
 Swiftness                Air            11%        N/A       24%         3
 Brom's Barrelling Bould  Conj/Erth      11%        2d3       63%         4
 Ignite Poison            Fire/Alch      11%        N/A       63%         4
 Leda's Liquefaction      Alch/Erth      5%         N/A       63%         4
 Petrify                  Alch/Erth      11%        N/A       63%         4
 Sticky Flame             Fire/Alch      11%        2d5       63%         4
 Summon Blazeheart Golem  Fire/Summ      11%        N/A       63%         4
 Summon Forest            Summ/Tloc      11%        N/A       65%         5
 Dispersal                Tloc           17%        N/A       89%         6
 Iskenderun's Battlesphe  Conj           11%        2d7       92%         5
 Bombard                  Conj/Erth      5%         9d2       100%        6
 Eringya's Noxious Bog    Alch           5%         4d6       100%        6
 Spellforged Servitor     Conj/Summ      5%         N/A       100%        7
 Summon Hydra             Summ           5%         N/A       100%        7
 Ignition                 Fire           5%         3d4       100%        8


Dungeon Overview and Level Annotations

Branches:
Dungeon (15/15)            Temple (0/1) D:7            Lair (5/5) D:11
 Shoals (3/4) Lair:3        Snake (0/4) Lair:3        Slime (0/5) Lair:5
    Orc (2/2) D:10            Elf (0/3) Orc:2        Vaults (0/5) D:14
 Depths (0/4) D:15         Bailey (visited)         Volcano (visited)
Gauntlet (visited)

Altars:
Ashenzari
Fedhas
Gozag
Kikubaaqudgha
Makhleb
Okawaru
Ru
Sif Muna
Wu Jian
Beogh
Lugonu

Shops:
D:9 !   D:12 !   D:14 (   Orc:2 ==!*[   Shoals:3 (

Portals:
Abyss: Lair:5

Annotations:
D:13 2 transporters, Ylof's ghost, journeyman NaBe


Innate Abilities, Weirdness & Mutations

Your natural rate of healing is accelerated.
You have razor-sharp teeth.
You have supernaturally acute eyesight. (SInv)
You are afflicted with vampirism and can become a bat while bloodless.


Message History

Confirm with . or Enter, or press ? or * to list all spells.
Casting: Dazzling Flash (safe; 1% risk of failure)
Press: ? - help, Dir - look around, f - activate The faun is dazzled. x2; The faun misses you.
A merfolk siren comes into view. It is wielding a +0 spear.
The faun completely misses you.
The merfolk siren chants its luring song.
The satyr plays a frightful melody on its pipes!
The satyr radiates an aura of fear!
You are terrified of the satyr!
The faun hits you with a +0 spear!!
* * * LOW HITPOINT WARNING * * *
Unknown command.
Unknown command.
Unknown command.
Unknown command.
Unknown command.
Unknown command.
You catch the helpless faun completely off-guard!
You spit the faun like a pig!!! You burn the faun!
You kill the faun!
The Council accepts your kill. The faun completely misses you.
The merfolk siren closely misses you. The faun casts a spell at you.
You are outlined in light.
The merfolk siren chants a haunting song.
Unknown command.
Unknown command.
Unknown command.
You feel much better.
The merfolk siren chants its luring song.
The satyr unwields a +0 longbow.
The satyr wields a +0 club.
The satyr hits you with a +0 club.
* * * LOW HITPOINT WARNING * * *
The faun hits you with a +0 spear!!
* * * LOW HITPOINT WARNING * * *
Your +0 sling shoots a sling bullet.
The sling bullet closely misses the faun.
The faun hits you with a +0 spear!!
You die...

. #(.~~~~~..........
..####m.~~~~...........
~......~~...~.~~.......
~~..<§§§§§.~~~~~~~.....
~~~~.§§§§§.~..~~~~.....
≈~~..§§§# ~ ≈~~..§§m##
~~. ≈~~..§§(c###.....
≈~~....§c@)......
~.....§§.cc....~~
~.............~~~
~~~.......~~m~~~~
~~~~...~~~~~~~.~~
~~~~~~~~~~≈≈~~~..
~~~~~~~≈≈≈≈m~~..
≈≈≈≈≈≈≈≈≈≈≈~~..


You could see a satyr (scary), 3 fauns, 3 merfolk sirens and a friendly +0
sling.

Vanquished Creatures
  Rupert (D:15)
  Kirke (Shoals:1)
  Louise (Shoals:1)
  An orc warlord (Orc:1)
  A minotaur (Gauntlet)
  A merfolk impaler (Shoals:2)
  An ettin (D:15)
  A vault guard (D:14)
  Erolcha (D:9)
  3 catoblepae
  7 hydras
  An alligator snapping turtle (Shoals:2)
  A merfolk avatar (Shoals:2)
  A death knight (D:15)
  3 boulder beetles
  3 ogre magi
  5 two-headed ogres
  4 centaur warriors
  8 merfolk aquamancers
  A tengu warrior (D:15)
  8 death yaks
  An orc high priest (Orc:1)
  3 thrashing horrors (Lair:5)
  A hell knight (D:15)
  8 skysharks
  3 skeletal warriors
  The ghost of goupaloupa the Cleaver, a novice CoGl of Uskayaw (D:6)
  Amaemon (Lair:3)
  3 sea snakes
  A sun moth (shapeshifter) (D:14)
  A necromancer (D:15)
  3 anaconda skeletons (Volcano)
  6 orc knights
  8 harpies
  2 obsidian bats
  10 ugly things
  5 fauns
  2 oklob plants
  An orc sorcerer (Orc:1)
  Maurice (D:8)
  11 manticores
  2 large abominations (Lair:5)
  A kobold blastminer (Orc:2)
  4 cyclopes
  3 water nymphs
  A moth of wrath (Gauntlet)
  2 merfolk sirens
  6 black mambas
  8 gargoyles
  14 cane toads
  A cane toad (shapeshifter) (Lair:5)
  4 rime drakes
  An orange demon (Lair:3)
  2 smoke demons (Lair:5)
  12 komodo dragons
  A freezing wraith (D:15)
  An unseen horror (D:11)
  3 kobold demonologists (D:12)
  2 tengu conjurers (D:15)
  Psyche (D:12)
  3 wind drakes
  5 trolls
  14 merfolk
  3 polar bears
  A raiju (Lair:5)
  A hornet (D:11)
  21 blink frogs
  4 harpy skeletons (Volcano)
  5 snapping turtles
  2 dream sheep (Shoals:2)
  7 slime creatures
  A jumping spider (shapeshifter) (Lair:5)
  4 water elementals
  3 wraiths
  2 ynoxinuls (Lair:5)
  40 yaks
  3 hogs (Shoals:1)
  2 wyverns
  10 small abominations (Lair:5)
  6 basilisks
  4 vampire mosquitoes (D:11)
  4 redbacks (Gauntlet)
  12 wargs
  A warg (shapeshifter) (D:15)
  2 steam dragons
  2 acid dragons
  15 water moccasins
  Duvessa (D:4)
  32 orc warriors
  6 ice beasts (D:6)
  A sky beast (D:7)
  3 black bears
  A laughing skull (Volcano)
  10 ogres
  38 wolves
  5 centaurs
  A phantom (D:7)
  A weeping skull (Volcano)
  2 kobold brigands
  Blork the orc (D:4)
  11 bullfrogs
  2 gnoll sergeants
  2 scorpions
  2 wights (D:10)
  A hornet simulacrum (D:6)
  Dowan (D:4)
  13 killer bees
  A spriggan skeleton (Volcano)
  3 troll skeletons (Volcano)
  6 howler monkeys
  2 bombardier beetles
  2 hounds (D:5)
  6 jellies
  10 orc priests
  A gnoll bouda (D:9)
  Ijyb (D:4)
  Crazy Yiuf (D:2)
  Natasha (thrice) (D:3)
  4 iguanas
  A sleepcap (D:4)
  A human skeleton (D:6)
  20 orc wizards
  A hound skeleton (D:6)
  A killer bee simulacrum (D:6)
  A gnoll (shapeshifter) (Lair:5)
  9 adders
  20 gnolls
  A shadow imp (D:5)
  7 white imps
  A howler monkey simulacrum (D:6)
  A ribbon worm (D:3)
  3 dart slugs
  87 orcs
  16 ball pythons
  5 endoplasms
  3 giant cockroaches
  21 goblins
  16 hobgoblins
  22 kobolds
  4 quokkas
  9 bats
  4 frilled lizards
  5 rats
805 creatures vanquished.

Vanquished Creatures (collateral kills)
  Jorgrun (D:15)
  An orc warlord (Bailey)
  A dancing weapon (D:14)
  2 orc knights
  A deep elf pyromancer (D:14)
  A faun (Shoals:3)
  Maggie (Lair:1)
  A spriggan (Lair:5)
  Grum (D:11)
  8 orc warriors
  2 ogres
  A wolf (D:11)
  A wight (D:10)
  2 killer bees (D:9)
  4 gnolls
  3 orcs
  A goblin (Bailey)
32 creatures vanquished.

Vanquished Creatures (others)
  8 dancing weapons
8 creatures vanquished.

Grand Total: 845 creatures vanquished

Notes
Turn   | Place    | Note
-------+----------+-------------------------------------------
     0 | D:1      | tilp the Vampire Enchanter began the quest for the Orb.
     0 | D:1      | Reached XP level 1. HP: 13/13 MP: 3/3
   114 | D:1      | Reached XP level 2. HP: 5/20 MP: 5/5
   537 | D:1      | Learned a level 2 spell: Ensorcelled Hibernation
   656 | D:2      | Reached skill level 1 in Long Blades
   656 | D:2      | Gained mutation: You are afflicted with vampirism and can
                  | become a bat while bloodless. [Vampire growth]
   656 | D:2      | Reached XP level 3. HP: 18/25 MP: 1/6
   660 | D:2      | Learned a level 3 spell: Confusing Touch
   855 | D:2      | Reached skill level 1 in Fighting
   952 | D:2      | Found a shimmering blue altar of Sif Muna.
  1283 | D:2      | Found a runed translucent door.
  1284 | D:2      | Noticed Crazy Yiuf
  1412 | D:2      | Killed Crazy Yiuf
  1413 | D:2      | Reached XP level 4. HP: 17/32 MP: 0/7
  1704 | D:3      | Noticed Natasha
  1714 | D:3      | Killed Natasha
  1715 | D:3      | Reached skill level 1 in Armour
  1859 | D:3      | Found an iron altar of Okawaru.
  2231 | D:3      | Noticed Natasha
  2236 | D:3      | Killed Natasha
  2237 | D:3      | Reached XP level 5. HP: 37/37 MP: 5/8
  2765 | D:3      | Found an iron altar of Okawaru.
  3466 | D:3      | Noticed Natasha
  3470 | D:3      | Killed Natasha
  3471 | D:3      | Reached skill level 1 in Shields
  3546 | D:4      | Reached skill level 1 in Evocations
  3546 | D:4      | Noticed Dowan
  3616 | D:4      | Reached skill level 5 in Stealth
  3616 | D:4      | Reached skill level 5 in Hexes
  3800 | D:4      | Noticed Duvessa
  3802 | D:4      | Reached XP level 6. HP: 44/44 MP: 9/9
  4012 | D:4      | Found an opulent altar of Gozag.
  4151 | D:4      | Found a broken altar of Ashenzari.
  4328 | D:4      | Learned a level 3 spell: Tukima's Dance
  4331 | D:4      | Learned a level 2 spell: Blink
  4435 | D:4      | Killed Duvessa
  4436 | D:4      | Reached XP level 7. HP: 38/50 MP: 1/11
  4443 | D:4      | Killed Dowan
  4444 | D:4      | Reached skill level 1 in Translocations
  4602 | D:4      | Noticed Blork the orc
  4608 | D:4      | Killed Blork the orc
  4878 | D:4      | Noticed Ijyb
  4895 | D:4      | Killed Ijyb
  5049 | D:5      | Entered Level 5 of the Dungeon
  5204 | D:5      | Found a shimmering blue altar of Sif Muna.
  5693 | D:5      | Reached XP level 8. HP: 57/57 MP: 12/12
  5711 | D:5      | Identified the +1 great sword "Puhoeluh" {freeze, rF+ MP-9
                  | Str+4}
  5824 | D:5      | Learned a level 3 spell: Dazzling Flash
  5882 | D:5      | Found an ancient bone altar of Kikubaaqudgha.
  5892 | D:5      | Found a sacrificial altar of Ru.
  5976 | D:5      | Found an ornate altar of the Wu Jian Council.
  6070 | D:5      | Became a worshipper of the Wu Jian Council
  6432 | D:6      | Identified the +1 leather armour of Xeschas {Harm Str+3
                  | SInv Stlth+}
  6549 | D:6      | Found a runed translucent gate.
  6549 | D:6      | Found a runed translucent gate.
  6549 | D:6      | Found a runed translucent gate.
  6583 | D:6      | Noticed goupaloupa's ghost (novice CoGl)
  6850 | D:6      | Found a burning altar of Makhleb.
  7574 | D:7      | Noticed a two-headed ogre
  7586 | D:7      | Killed a two-headed ogre
  7587 | D:7      | Reached skill level 5 in Dodging
  7587 | D:7      | Reached XP level 9. HP: 45/65 MP: 10/14
  7688 | D:7      | Found a staircase to the Ecumenical Temple.
  8018 | D:7      | Reached * piety under Wu Jian
  8174 | D:8      | Noticed Maurice
  8355 | D:8      | Reached skill level 5 in Long Blades
  8380 | D:8      | Noticed a two-headed ogre
  8386 | D:8      | Killed a two-headed ogre
  8643 | D:8      | Maurice stole 10 boomerangs
  8664 | D:8      | Killed Maurice
  8665 | D:8      | Reached XP level 10. HP: 70/73 MP: 4/16
  8796 | D:8      | Reached skill level 5 in Fighting
  8944 | D:8      | Reached ** piety under Wu Jian
  9579 | D:9      | Found Foepn's Distillery.
  9827 | D:9      | Noticed Erolcha
 10419 | D:9      | Killed Erolcha
 10666 | D:10     | Entered Level 10 of the Dungeon
 10784 | D:10     | Found a staircase to the Orcish Mines.
 10812 | D:10     | Found a flagged portal.
 10844 | Bailey   | Entered a bailey
 11342 | Bailey   | Noticed an orc knight
 11387 | Bailey   | Killed an orc knight
 11387 | Bailey   | Reached *** piety under Wu Jian
 11568 | Bailey   | Reached XP level 11. HP: 78/81 MP: 4/18
 11699 | Bailey   | Noticed an orc knight
 11715 | Bailey   | Killed an orc knight
 11818 | Bailey   | Noticed an orc warlord
 11820 | Bailey   | Noticed an orc knight
 11851 | Bailey   | Killed an orc warlord
 11852 | Bailey   | Reached skill level 5 in Spellcasting
 12366 | D:10     | Reached **** piety under Wu Jian
 12919 | D:11     | Noticed Grum
 13027 | D:11     | Noticed a cyan ugly thing
 13036 | D:11     | Killed a cyan ugly thing
 13060 | D:11     | Reached skill level 10 in Stealth
 13125 | D:11     | Killed Grum
 13313 | D:11     | Noticed an oklob plant
 13466 | D:11     | Found a staircase to the Lair.
 13613 | D:11     | You fall into a shaft and drop 2 floors!
 13926 | D:11     | Killed an oklob plant
 13947 | Lair:1   | Entered Level 1 of the Lair of Beasts
 13973 | Lair:1   | Reached XP level 12. HP: 70/92 MP: 15/21
 14007 | Lair:1   | Noticed Maggie
 14023 | Lair:1   | Killed Maggie
 14024 | Lair:1   | Reached skill level 10 in Hexes
 14136 | Lair:1   | Found a dark tunnel.
 14143 | Lair:1   | Reached ***** piety under Wu Jian
 14172 | Volcano  | Entered a volcano
 14650 | Volcano  | Reached skill level 10 in Long Blades
 15641 | Lair:1   | Reached XP level 13. HP: 97/101 MP: 16/23
 16453 | Lair:2   | Reached skill level 10 in Fighting
 17743 | Lair:3   | Found a staircase to the Snake Pit.
 17933 | Lair:3   | Noticed Amaemon
 17950 | Lair:3   | Killed Amaemon
 18265 | Lair:3   | Acquired 522 gold pieces
 18338 | Lair:3   | Found a staircase to the Shoals.
 18832 | Lair:4   | Found a gate leading to a gauntlet.
 18875 | Gauntlet | Entered a Gauntlet
 18875 | Gauntlet | Found a transporter.
 18882 | Gauntlet | Found a transporter.
 18884 | Gauntlet | Found a transporter.
 18895 | Gauntlet | Found a transporter.
 18898 | Gauntlet | Found a transporter.
 18909 | Gauntlet | Found a transporter.
 18925 | Gauntlet | Found a transporter.
 18929 | Gauntlet | Noticed a green death
 18936 | Gauntlet | Found a transporter.
 18948 | Gauntlet | Found a transporter.
 18953 | Gauntlet | Found a transporter.
 18953 | Gauntlet | Found a transporter.
 18982 | Gauntlet | Found a transporter.
 18982 | Gauntlet | Found a transporter.
 19034 | Gauntlet | Found a transporter.
 19638 | Gauntlet | Noticed a minotaur
 19646 | Gauntlet | Found the +3 Mad Mage's Maulers {Infuse+∞ VampMP -Cast}
 19653 | Gauntlet | Killed a minotaur
 19658 | Gauntlet | Identified the +1 falchion of Dim Light {spect, rPois rF-
                  | rCorr}
 19658 | Gauntlet | Identified the staff "Xeonysch" {rPois Dex+3 Earth Alchemy}
 19658 | Gauntlet | Identified the +0 halberd "Afeyph" {flame, Fly Str+5
                  | Stlth+}
 19865 | Lair:4   | Identified the +1 sling "Pohecs" {freeze, rC+ Dex+3}
 20008 | Lair:4   | Identified the +4 ring mail of Bad Feelings {Will- rCorr
                  | Int+5}
 20224 | Lair:4   | Reached XP level 14. HP: 110/110 MP: 24/24
 20389 | Lair:5   | Entered Level 5 of the Lair of Beasts
 20558 | Lair:5   | Reached ****** piety under Wu Jian
 20960 | Lair:5   | Found a staircase to the Slime Pits.
 21745 | Lair:5   | Reached skill level 5 in Evocations
 22678 | Lair:5   | Found a corrupted altar of Lugonu.
 22678 | Lair:5   | Found a one-way gate to the infinite horrors of the Abyss.
 22683 | Lair:5   | Identified the +6 scale mail of the Gravedigger {Str+2
                  | SInv}
 23111 | D:6      | Killed goupaloupa's ghost
 23241 | D:6      | Got the ring "Mirenao" {Fire rPois rCorr Str+4}
 23365 | Orc:1    | Entered Level 1 of the Orcish Mines
 23542 | Orc:1    | Reached skill level 5 in Armour
 23735 | Orc:2    | Entered Level 2 of the Orcish Mines
 23849 | Orc:2    | Noticed an orc warlord
 23986 | Orc:1    | Killed an orc warlord
 24335 | Orc:2    | Found Epluav's Distillery.
 24335 | Orc:2    | Found a staircase to the Elven Halls.
 24656 | Orc:2    | Reached XP level 15. HP: 103/119 MP: 22/27
 25652 | Orc:1    | Found a roughly hewn altar of Beogh.
 25748 | Orc:2    | Found Xustrakhli's Jewellery Shoppe.
 25776 | Orc:2    | Found a roughly hewn altar of Beogh.
 25807 | Orc:2    | Found Qiewoa's Antique Armour Emporium.
 25839 | Orc:2    | Found Fyqaent's Jewellery Emporium.
 26046 | Orc:2    | Found Nuisugg's Assorted Antiques.
 26053 | Orc:2    | Bought a pair of gloves for 148 gold pieces
 26078 | Orc:2    | Bought a faintly humming leather armour for 161 gold pieces
 26078 | Orc:2    | Identified the +1 leather armour of Maabusin {Rampage rF+
                  | Dex+2} (You bought it in a shop on level 2 of the Orcish
                  | Mines)
 26108 | Orc:2    | Bought an amulet of regeneration for 450 gold pieces
 26443 | D:12     | Found Qeop's Distillery.
 26612 | D:12     | Noticed Psyche
 26619 | D:12     | Killed Psyche
 27741 | D:13     | Found a transporter.
 27746 | D:13     | Noticed Ylof's ghost (journeyman NaBe)
 27828 | D:13     | Found a transporter.
 28286 | D:14     | Found Acos's Weapon Shoppe.
 28406 | D:14     | Found a gate to the Vaults.
 29040 | D:15     | Entered Level 15 of the Dungeon
 29274 | D:15     | Reached skill level 15 in Stealth
 29674 | D:15     | Noticed Rupert
 29690 | D:15     | Killed Rupert
 29851 | D:15     | Found a staircase to the Depths.
 30111 | D:15     | Found a blossoming altar of Fedhas.
 30248 | D:15     | Noticed Jorgrun
 30263 | D:15     | Killed Jorgrun
 30264 | D:15     | Reached skill level 15 in Hexes
 30795 | Shoals:1 | Entered Level 1 of the Shoals
 30818 | Shoals:1 | Identified the +0 chain mail of Daisies {Rampage rN+++
                  | rCorr Int-4}
 30893 | Shoals:1 | Noticed Kirke
 31037 | Shoals:1 | Reached XP level 16. HP: 120/127 MP: 26/29
 31241 | Shoals:1 | Noticed a sphinx
 31241 | Shoals:1 | Killed Kirke
 31318 | Shoals:1 | Noticed Louise
 31344 | Shoals:1 | Killed Louise
 32854 | Shoals:2 | Acquired the +0 buckler of Supple Strength {MP+9}
 33492 | Shoals:3 | Found Beamij's Antique Weapon Shop.
 33529 | Shoals:3 | Mangled by a faun

Illustrated notes

Levels and vault maps discovered:
D:1:      orjb1_clovarrival, layout_rooms, minmay_split_cup_small
D:2:      minmay_inner_zag, layout_basic, basic_altar, uniq_crazy_yiuf_cottage
D:3:      layout_loops_corners, mainiacjoe_overflow_tiny_flanked,
          chequers_avenue, uniq_natasha
D:4:      layout_loops_ring, ashenzari_altar_1, nicolae_overflow_crystal_walls,
          minmay_pentangle, uniq_blork_the_orc, uniq_ijyb, uniq_duvessa
D:5:      layout_loops_corners, general_overflow_altar,
          nicolae_wu_jian_glorious_leap, jmf_multi_god_temple2,
          columned_hall_lemuel
D:6:      layout_gridville, makhleb_blood_cavern_becter, gammafunk_ghost_icy
D:7:      layout_rooms, lemuel_temple_firewalk_a
D:8:      nicolae_cairo_tiling_large_dashed, layout_cave_pods, uniq_maurice
D:9:      layout_cave_pools, serial_shops, shop, serial_column_ruins,
          column_ruins_open_small, column_ruins_grid_3,
          column_ruins_columns_straight, serial_library_regret_index_split_case,
          reono_crystal_passage, uniq_erolcha
D:10:     layout_basic, orc_0_dummy, enter_bailey_3, nrook_campfire
D:11:     layout_loops_corners, dpeg_oklobed_lair, uniq_grum
D:12:     minmay_goldmine, layout_basic, serial_shops, shop, corner_web_ring,
          nicolae_splish_splash, uniq_psyche
D:13:     layout_irregular_city, gammafunk_ghost_berserking_beasts
D:14:     layout_rooms, erik_vaults_1, elyvilon_altar_1, serial_shops, shop
D:15:     hangedman_depths_entry_civil_slaughter, layout_layer_cave,
          serial_co_window_serial, co_window_paths_a, co_window_corner_a,
          co_window_corner_a, co_window_paths_b, co_window_corner_a,
          co_window_corner_a, co_window_of_opportunity_b, co_window_broadway_b,
          co_window_corner_b, glass_columns_a,
          nicolae_concentric_dashed_squares_mild, fedhas_altar_3, uniq_rupert,
          uniq_jorgrun
Lair:1:   layout_cave_pods, nicolae_volcano_entry_two_sided,
          beast_lair_carwin_9, grunt_megastairs_5, uniq_maggie
Lair:2:   layout_concentric_octagons
Lair:3:   layout_regular_city, minmay_shoals_entry_lonely_mermaid,
          minmay_snake_entry_six_corridors, serial_forest,
          infiniplex_forest_lined_3, infiniplex_forest_zigzag_1,
          infiniplex_forest_straight_4, infiniplex_forest_lined_3,
          infiniplex_forest_corner_1, infiniplex_forest_lined_3,
          infiniplex_forest_clump_long, dpeg_oklob_1,
          infiniplex_staircase_pool_2, uniq_amaemon
Lair:4:   layout_loops_ring, gauntlet_entry_generic
Lair:5:   hellmonk_lair_end_abyssal_woods, layout_cave_pods, slime_entry_1
Shoals:1: layout_shoals, uniq_kirke, uniq_louise
Shoals:2: layout_shoals, nicolae_shoals_aquamancer_cove
Shoals:3: layout_shoals, serial_shops, nicolae_stop_n_shop_1,
          nicolae_shop_tiny_real_fake_doors, uniq_polyphemus
Orc:1:    layout_diamond_mine, bh_open_orc_temple
Orc:2:    st_orc_town, layout_diamond_mine, serial_shops, shop

Skill      XL: |  1  2  3  4  5  6  7  8  9 10 11 12 13 14 15 16 |
---------------+-------------------------------------------------+-----
Long Blades    | 1 2 3 4 5 6 8 10 13 | 13.8
Fighting       | 1 2 4 6 7 9 10 11 12 | 12.4
Armour         | 1 2 3 4 5 6 |  6.9
Shields        | 1 2 3 4 |  4.6
Dodging        | 3 4 5 6 7 8 9 |  9.0
Evocations     | 1 2 3 4 5 8 |  8.7
Short Blades   | 2 3 |  3.0
Stealth        | 5 6 7 8 10 12 13 15 | 15.5
Hexes          | 5 6 7 8 9 11 12 13 15 | 15.3
Translocations | 1 2 3 4 |  4.5
Spellcasting   | 3 4 6 7 8 9 |  9.3

Action                     |  1- 3 |  4- 6 |  7- 9 | 10-12 | 13-15 | 16-18 || total
---------------------------+-------+-------+-------+-------+-------+-------++-------
  Melee: Dagger            |   108 |   164 |   200 |   664 |   944 |   146 ||  2226
         Bite              |     5 |    14 |    22 |    91 |   129 |    26 ||   287
         Falchion          |       |       |       |       |    24 |       ||    24
  Throw: Dart              |       |       |       |       |     2 |     1 ||     3
   Cast: Ensorcelled Hiber |     4 |    26 |    50 |   147 |   343 |    63 ||   633
         Confusing Touch   |       |     2 |     7 |    25 |    48 |     3 ||    85
         Tukima's Dance    |       |       |     3 |    28 |    24 |    10 ||    65
         Dazzling Flash    |       |       |     1 |     7 |    36 |    15 ||    59
         Blink             |       |       |       |     1 |     2 |       ||     3
Ability: Lunge             |       |       |    18 |    58 |   110 |    34 ||   220
         Whirlwind         |       |       |       |    29 |    36 |     5 ||    70
  Evoke: Wand              |       |       |       |    13 |     2 |     2 ||    17
         Phial of floods   |       |       |       |     2 |     1 |       ||     3
         Phantom mirror    |       |       |       |     1 |     1 |     1 ||     3
         Lightning rod     |       |       |       |       |     8 |     2 ||    10
         Sack of spiders   |       |       |       |       |     2 |       ||     2
    Use: Scroll            |     4 |     8 |     8 |     8 |    17 |     3 ||    48
         Potion            |       |     2 |       |     6 |     1 |     4 ||    13
   Stab: Sleeping          |    14 |    27 |    49 |   102 |   254 |    48 ||   494
         Confused          |       |     3 |     9 |    24 |    39 |     3 ||    78
         Invisible         |       |     1 |     2 |    14 |    28 |     6 ||    51
         Distracted        |       |       |       |     1 |     2 |       ||     3
         Betrayed ally     |       |       |       |     1 |       |       ||     1
         Petrified         |       |       |       |       |     1 |       ||     1
 Armour: Robe              |    32 |       |       |       |       |       ||    32
         Leather armour    |    29 |    48 |    55 |   147 |       |       ||   279
         Steam dragon scal |       |       |       |    84 |   378 |   124 ||   586
  Dodge: Dodged            |    67 |    93 |   100 |   438 |   702 |   190 ||  1590
  Block: Buckler           |       |       |       |       |   205 |    55 ||   260

Table legend: (Time is in decaauts)
 A = Elapsed time spent in this place.
 B = Non-inter-level travel time spent in this place.
 C = Inter-level travel time spent in this place.
 D = Time resting spent in this place.
 E = Time spent auto-exploring this place.
 F = Levels seen in this place.
 G = Mean time per level.
                   A        B        C        D        E       F      G
               +--------+--------+--------+--------+--------+-----+--------+
         Total |  32805 |  30763 |   2042 |   3918 |  20604 |  28 | 1171.6 |
       Dungeon |  17396 |  16291 |   1105 |   1431 |  12323 |  15 | 1159.7 |
          Lair |   7162 |   6638 |    524 |    634 |   4572 |   5 | 1432.4 |
        Shoals |   2688 |   2589 |     99 |    188 |   1705 |   3 |  896.0 |
  Orcish Mines |   2845 |   2533 |    312 |    657 |   1169 |   2 | 1422.5 |
        Bailey |   1110 |   1110 |      0 |    584 |    169 |   1 | 1110.0 |
       Volcano |    719 |    719 |      0 |    129 |    358 |   1 |  719.0 |
      Gauntlet |    882 |    882 |      0 |    295 |    307 |   1 |  882.0 |
               +--------+--------+--------+--------+--------+-----+--------+

Top non-repeatable levels by time:
  Lair:5: 2426 daAuts
     D:3: 2216 daAuts
    D:15: 1623 daAuts
  Lair:3: 1547 daAuts
   Orc:2: 1450 daAuts
  Lair:1: 1412 daAuts
   Orc:1: 1395 daAuts
Shoals:1: 1364 daAuts
     D:6: 1362 daAuts
    D:11: 1358 daAuts
     D:4: 1326 daAuts
Shoals:2: 1307 daAuts
     D:8: 1294 daAuts
     D:5: 1164 daAuts
    D:12: 1149 daAuts
